 Dungeon Crawl Stone Soup version 0.28.0-49-g6dfe1f597d (console) character file.

Game seed: 3207502609103650681

25727 Faeu the Severer (level 12, -10/106 (110) HPs)
             Began as a Minotaur Berserker on May 15, 2022.
             Was a High Priest of Trog.
             Mangled by an orc knight
             ... wielding a +0 long sword
              (40 damage)
             ... on level 2 of the Orcish Mines.
             The game lasted 01:02:17 (18424 turns).

Faeu the Severer (Minotaur Berserker)              Turns: 18424, Time: 01:02:17

HP:   -10/106 (110) AC: 23    Str: 24    XL:     12   Next: 92%
MP:   11/11         EV: 13    Int:  4    God:    Trog [*****.]
Gold: 1217          SH:  0    Dex: 18    Spells: 11/11 levels left

rFire   . . .      SeeInvis .   z - +4 glaive (venom) {polearm}
rCold   . . .      Faith    +   (shield currently unavailable)
rNeg    . . .      Spirit   .   w - +7 chain mail of Ovatet {Fly Dex+7}
rPois   .          Reflect  .   e - +2 hat {Will+}
rElec   .          Harm     .   (no cloak)
rCorr   .          Rampage  .   K - +1 pair of gloves
Will    +....                   (no boots)
Stlth   ..........              s - amulet of faith {!P}
HPRegen 0.27/turn               (no ring)
MPRegen 0.12/turn               (no ring)

@: on berserk cooldown, flying, slowed, lightly drained, very slow
A: horns 2, retaliatory headbutt, weak 1
a: Renounce Religion, Berserk, Trog's Hand, Brothers in Arms


You were on level 2 of the Orcish Mines.
You worshipped Trog.
Trog was extremely pleased with you.
You visited 2 branches of the dungeon, and saw 14 of its levels.

You collected 1217 gold pieces.


Innate Abilities, Weirdness & Mutations

You have a pair of horns on your head.
You reflexively headbutt those who attack you in melee.
You are weak. (Str -2)


   Skills:
 - Level 11.3 Fighting
 + Level 19.1 Axes
 - Level 10.5 Armour
 - Level 9.7 Dodging


You had 11 spell levels left.
You didn't know any spells.
Your spell library contained the following spells:

 Spells                   Type           Power      Damage    Failure   Level
 Foxfire                  Conj/Fire      0%         2x1d4     96%         1
 Sting                    Tmut/Pois      0%         1d3       96%         1
 Poisonous Vapours        Pois/Air       0%         N/A       99%         2
 Conjure Flame            Conj/Fire      0%         6-21      100%        3
 Inner Flame              Hex/Fire       0%         N/A       100%        3
 Flame Wave               Conj/Fire      0%         2d4       100%        4
 Fulminant Prism          Conj/Hex       0%         3d6       100%        4
 Iskenderun's Mystic Bla  Conj/Tloc      0%         2d3       100%        4
 Leda's Liquefaction      Hex/Erth       0%         N/A       100%        4
 Olgreb's Toxic Radiance  Pois           0%         N/A       100%        4
 Summon Lightning Spire   Summ/Air       0%         N/A       100%        4
 Lee's Rapid Deconstruct  Erth           0%         3d5*      100%        5
 Statue Form              Tmut/Erth      0%         N/A       100%        6
 Storm Form               Tmut/Air       0%         N/A       100%        7
 Maxwell's Capacitive Co  Air            0%         ∞         100%        8

Inventory:

Hand Weapons
 a - a +0 hand axe {axe}
 z - a +4 glaive of venom (weapon) {polearm}
   (You took it off Blork the orc on level 6 of the Dungeon)
 I - a +3 vorpal executioner's axe {axerare=g}
   (Trog gifted it to you on level 1 of the Orcish Mines)
 P - a +1 antimagic rapier {short}
   (Trog gifted it to you on level 12 of the Dungeon)
 R - a +2 flail of holy wrath {mace}
   (You took it off an orc priest on level 2 of the Orcish Mines)
Missiles
 r - 3 curare-tipped darts (quivered) {=fthrowing}
 N - 14 poisoned darts {throwing}
 Q - 2 silver boomerangs {throwing}
Armour
 e - a +2 hat of willpower (worn)
   (You found it on level 7 of the Dungeon)
 w - the +7 chain mail of Ovatet (worn) {Fly Dex+7}
   (You found it on level 5 of the Dungeon)

   Dex:       It affects your dexterity (+7).
   Fly:       It grants you flight.
 D - a +0 kite shield
   (You took it off a gnoll sergeant on level 8 of the Dungeon)
 E - the +2 robe of the Echidna {rCorr}
   (You found it on level 9 of the Dungeon)

   rCorr:     It protects you from acid and corrosion.
 K - a +1 pair of gloves (worn)
   (You found it on level 9 of the Dungeon)
Jewellery
 s - an amulet of faith (around neck) {!P}
   (You found it on level 5 of the Dungeon)
 H - a ring of fire
   (You took it off an orc on level 9 of the Dungeon)
Wands
 j - a wand of iceblast (19)
   (You found it on level 7 of the Dungeon)
 C - a wand of paralysis (11)
   (You took it off a gnoll on level 6 of the Dungeon)
 F - a wand of flame (13)
   (You took it off an orc on level 9 of the Dungeon)
Scrolls
 f - 3 scrolls of identify {@r1}
 h - a scroll of silence {unknown}
 i - 2 scrolls of teleportation {unknown}
 k - 5 scrolls of enchant armour
 m - a scroll of blinking {unknown}
 o - 3 scrolls of enchant weapon
 q - a scroll of noise {unknown}
 u - 3 scrolls of vulnerability {unknown}
 v - 2 scrolls of holy word {unknown}
 x - a scroll of amnesia {unknown}
 y - 2 scrolls of fog {unknown}
 A - 2 scrolls of brand weapon {unknown}
 J - a scroll of magic mapping {unknown}
 L - 2 scrolls of torment {unknown}
Potions
 b - a potion of cancellation {unknown}
 c - 3 potions of attraction {unknown}
 d - 3 potions of mutation {unknown}
 g - 3 potions of heal wounds {@q2}
 l - 3 potions of lignification {unknown}
 n - 3 potions of invisibility {unknown}
 p - 2 potions of curing {unknown}
 t - 4 potions of might {unknown}
 B - a potion of ambrosia {unknown}
 G - a potion of resistance {unknown}
 O - a potion of degeneration {unknown}
Miscellaneous
 M - a phial of floods
   (You found it on level 11 of the Dungeon)

Dungeon Overview and Level Annotations

Branches:
Dungeon (12/15)            Temple (0/1) D:5             Orc (2/2) D:9
    Elf (0/3) Orc:2
   Lair: D:8-11

Altars:
Fedhas
Qazlal
Wu Jian
Xom
The Shining One
Beogh

Shops:
D:4 :   D:9 (

Annotations:
D:3 1 runed translucent door, Crazy Yiuf
Orc:1 Sonja

..##.##.#.##.#...#...
.....................#
#.##..................#
.........................
.........................
.......................###
#...#.....[.[.........##.##
.>.#.....#[)..............#
...)......................#
#..#..#.........oo.........
...###.........[@o.........
#.###...........##.........
### ##........###..........
###.....##...)........
##...##.............
#..##.ooo.#####....
....#....### #...
.....#.).## ... ......#.))#
# ....#.##...# #.....


You could see 2 orc knights and an orc sorcerer (strong).


Message History

You are no longer poisoned.
The orc knight shouts!
You hear a shout! 😕 HP[-47]
You now have 110 max hp (-55).
You hit the orc wizard.
You kill the orc wizard!
Trog accepts your kill.
Trog appreciates your killing of a magic user.
The orc knight roars a battlecry!
The orc priest goes into a battle-frenzy! 😕 HP[+1]
You slash the orc priest!
The orc priest is poisoned.
An orc knight comes into view. It is wielding a +0 great mace.
The orc priest barely misses you.
The orc priest hits you but does no damage.
The orc knight moves out of view.
You hit the orc priest.
You kill the orc priest!
Trog accepts your kill.
Trog will now gift you melee weapons as you gain piety. 😕 HP[+1] 😕 HP[+1]
An orc sorcerer comes into view. It is wielding a +0 dagger.
The orc sorcerer casts a spell at you. The bolt of negative energy hits you!!
You feel drained. 😮 HP[-20]
You now have 106 max hp (-4).
You take 20 damage, and now have 74/106 hp. 😮 HP[+1]
The orc sorcerer no longer looks unusually strong.
The orc knight roars a battlecry!
The orc sorcerer goes into a battle-frenzy!
There is a stone staircase leading up, spattered with blood here.
Things that are here:
a +0 halberd {polearm}; an orc skeleton; 😮 HP[+1]
The orc knight no longer looks unusually strong.
You fly upwards.
Sonja shouts!
You hear a shout!
Sonja throws a curare-tipped dart.
The curare-tipped dart hits you.
You are poisoned.
You have difficulty breathing.
You feel as though you will be slow longer.
An orc warrior comes into view. It is wielding a +0 flail.
An orc priest comes into view. It is wielding a +0 morningstar.
An orc warrior comes into view. It is wielding a +0 scimitar.
There is a stone staircase leading down here. 😮 HP[-3]
You take 3 damage, and now have 73/106 hp.
You feel very sick.
The orc warrior shouts!
The orc priest shouts!
Sonja throws a curare-tipped dart.
The curare-tipped dart misses you. The orc hits you but does no damage.
You fly downwards.
You feel very sick.
The orc knight roars a battlecry!
The orc knight goes into a battle-frenzy!
The orc knight hits you with a +0 long sword!
* * * LOW HITPOINT WARNING * * *
The orc knight hits you but does no damage.
There is a stone staircase leading up, spattered with blood here.
Things that are here:
a +0 halberd {polearm}; an orc skeleton; 😨 HP[-24]
You take 24 damage, and now have 49/106 hp.
MASSIVE DAMAGE!! (PAUSE)
You hit the orc knight but do no damage.
The orc knight is poisoned.
You feel sick. The orc knight barely misses you. You furiously retaliate!
You headbutt the orc knight! The orc knight closely misses you.
The orc sorcerer hits you but does no damage. 😨 HP[-2]
You take 2 damage, and now have 47/106 hp.
As you read the scroll labelled IROUJIROMY, it crumbles to dust.
It is a scroll of identify.
k - 5 scrolls of enchant armour You feel sick.
The orc knight completely misses you.
The orc knight roars a battlecry!
The orc knight goes into a battle-frenzy!
The orc sorcerer closely misses you.
The orc knight hits you with a +0 long sword!!
* * * LOW HITPOINT WARNING * * *
😱 HP[-28]
You take 28 damage, and now have 19/106 hp.
MASSIVE DAMAGE!! (PAUSE)
You feel much better.
You feel sick.
You are no longer poisoned.
The orc knight hits you with a +0 great mace.
* * * LOW HITPOINT WARNING * * *
The orc sorcerer hits you but does no damage.
The orc knight hits you but does no damage.
The orc knight hits you with a +0 great mace.
* * * LOW HITPOINT WARNING * * *
The orc sorcerer hits you but does no damage. 😨 HP[+11]
You regained 11 hp, and now have 30/106 hp.
As you read the scroll labelled PAR ULONIDGHI, it crumbles to dust.
It is a scroll of enchant weapon.
Your +2 vorpal executioner's axe {axerare=g} glows red for a moment.
The orc knight hits you with a +0 long sword!!!
You die...

Skill      XL: |  1  2  3  4  5  6  7  8  9 10 11 12 |
---------------+-------------------------------------+-----
Fighting       | 4 5 6 8 9 10 11 | 11.3
Axes           | 4 5 6 7 9 10 15 19 | 19.1
Armour         | 3 4 5 6 7 9 10 | 10.5
Dodging        | 3 4 5 6 8 9 |  9.7

Action                   |  1- 3 |  4- 6 |  7- 9 | 10-12 || total
-------------------------+-------+-------+-------+-------++-------
Melee: Hand axe          |    29 |       |       |       ||    29
       Headbutt          |     8 |    19 |    38 |   116 ||   181
       Short sword       |    21 |   129 |    86 |       ||   236
       Punch             |     1 |     1 |       |       ||     2
       Glaive            |       |       |   100 |   484 ||   584
Invok: Berserk           |       |     1 |     4 |    17 ||    22
Evoke: Wand              |       |       |       |     2 ||     2
  Use: Potion            |       |       |       |     2 ||     2
       Scroll            |       |       |       |     2 ||     2
 Stab: Sleeping          |     2 |       |       |       ||     2
Armor: Animal skin       |     7 |     4 |       |       ||    11
       Chain mail        |       |    57 |   130 |   329 ||   516
Dodge: Dodged            |    31 |    64 |   114 |   409 ||   618

Levels and vault maps discovered:
D:1:      tarquinn_simple_flora_water_c, layout_loops_cross
D:2:      layout_basic, basic_altar, nicolae_underground_beach, uniq_jessica,
          uniq_robin
D:3:      layout_loops_corners, uniq_crazy_yiuf_cottage
D:4:      layout_loops_cross, serial_shops, shop, minivault_4, uniq_sigmund
D:5:      layout_gridville, temple_fountains
D:6:      layout_loops_corners, old_standard_altar, uniq_blork_the_orc,
          uniq_eustachio
D:7:      layout_cave_pools
D:8:      layout_basic, minmay_misc_feat_roman, sword_in_stone
D:9:      layout_rooms, minitemple, david_orc_2, ebering_ghost_reflecting_pool,
          minmay_misc_feat_alley, doesnt_shop_hydraphobe, uniq_maggie,
          uniq_erolcha
D:10:     layout_basic, dpeg_lair_monsters, serial_shops, nicolae_diamond_shop,
          kennysheep_generic_room_3, uniq_urug, uniq_gastronok
D:11:     nrook_guardian_serpent_snake_passage, layout_layer_cave,
          serial_undead, serial_undead_e, serial_undead_e, serial_undead_e,
          serial_undead_f
D:12:     layout_loops_ring
Orc:1:    layout_caves, serial_shops, uniq_sonja
Orc:2:    grunt_orc_tribal_feast, layout_caves, basic_altar

Notes
Turn   | Place    | Note
-------+----------+-------------------------------------------
     0 | D:1      | Faeu the Minotaur Berserker began the quest for the Orb.
     0 | D:1      | Reached XP level 1. HP: 19/19 MP: 0/0
     0 | D:1      | magus.rc [v1.9.6]
   449 | D:1      | Reached XP level 2. HP: 27/27 MP: 1/1
   722 | D:2      | Noticed Jessica
   726 | D:2      | Killed Jessica
   727 | D:2      | Reached skill level 4 in Fighting
   727 | D:2      | Reached skill level 4 in Axes
   727 | D:2      | Reached skill level 3 in Armour
   727 | D:2      | Reached XP level 3. HP: 11/33 MP: 2/2
  1073 | D:2      | Found an ornate altar of the Wu Jian Council.
  1230 | D:2      | Reached skill level 3 in Dodging
  1308 | D:2      | Reached XP level 4. HP: 31/41 MP: 3/3
  1633 | D:2      | Noticed Robin
  1637 | D:2      | Reached ** piety under Trog
  1800 | D:2      | Killed Robin
  2218 | D:3      | Found a runed translucent door.
  2219 | D:3      | Noticed Crazy Yiuf
  3118 | D:3      | Reached XP level 5. HP: 47/47 MP: 4/4
  3334 | D:4      | Found Ezaresag's Book Emporium.
  3417 | D:4      | Reached skill level 4 in Armour
  3649 | D:4      | Noticed Sigmund
  3653 | D:4      | Reached skill level 5 in Fighting
  3657 | D:4      | Killed Sigmund
  3658 | D:4      | Reached skill level 5 in Axes
  3658 | D:4      | Reached skill level 4 in Dodging
  3658 | D:4      | Reached XP level 6. HP: 32/56 MP: 5/5
  4388 | D:4      | Reached skill level 5 in Armour
  4388 | D:4      | Reached XP level 7. HP: 52/62 MP: 6/6
  4400 | D:4      | Reached skill level 6 in Fighting
  4598 | D:5      | Entered Level 5 of the Dungeon
  4600 | D:5      | Found a staircase to the Ecumenical Temple.
  4644 | D:5      | Reached skill level 6 in Axes
  4795 | D:5      | Reached skill level 5 in Dodging
  4978 | D:5      | Reached skill level 6 in Armour
  5157 | D:5      | Identified the +7 chain mail of Ovatet {Fly Dex+7}
  5193 | D:5      | Reached XP level 8. HP: 58/71 MP: 7/7
  5597 | D:5      | Reached skill level 7 in Fighting
  5597 | D:5      | Reached skill level 7 in Axes
  5866 | D:6      | Noticed Blork the orc
  5878 | D:6      | Killed Blork the orc
  5879 | D:6      | Reached skill level 6 in Dodging
  5921 | D:6      | Noticed Eustachio
  5931 | D:6      | Killed Eustachio
  5932 | D:6      | Reached skill level 7 in Armour
  6020 | D:6      | Found a stormy altar of Qazlal.
  6263 | D:6      | Reached *** piety under Trog
  6268 | D:6      | Reached skill level 8 in Fighting
  6268 | D:6      | Reached XP level 9. HP: 74/81 MP: 8/8
  6323 | D:6      | Reached skill level 8 in Axes
  6427 | D:6      | Reached skill level 7 in Dodging
  6645 | D:6      | You pick up a book of the Sky {forbidden} and begin
                  | reading...
  6645 | D:6      | You add the spells Summon Lightning Spire, Storm Form and
                  | Maxwell's Capacitive Coupling to your library.
  6905 | D:7      | Reached skill level 8 in Armour
  6959 | D:7      | You pick up a book of Blasting {forbidden} and begin
                  | reading...
  6959 | D:7      | You add the spells Fulminant Prism, Iskenderun's Mystic
                  | Blast and Lee's Rapid Deconstruction to your library.
  7517 | D:8      | Reached skill level 9 in Fighting
  7517 | D:8      | Reached skill level 9 in Axes
  7522 | D:8      | Reached skill level 8 in Dodging
  7646 | D:8      | Noticed a red ugly thing
  7655 | D:8      | Killed a red ugly thing
  7656 | D:8      | Reached skill level 9 in Armour
  7656 | D:8      | Reached XP level 10. HP: 73/91 MP: 9/9
  7808 | D:8      | Reached **** piety under Trog
  8354 | D:8      | You pick up a book of the Earth {forbidden} and begin
                  | reading...
  8354 | D:8      | You add the spells Leda's Liquefaction and Statue Form to
                  | your library.
  8486 | D:8      | Reached skill level 10 in Fighting
  8792 | D:9      | Noticed Maggie
  8800 | D:9      | Killed Maggie
  8801 | D:9      | Reached skill level 10 in Axes
  8909 | D:9      | Found Miott's Hydra Hut.
  8909 | D:9      | Noticed a six-headed hydra
  8912 | D:9      | Identified the +2 robe of the Echidna {rCorr}
  8943 | D:9      | You pick up a book of Flames {forbidden} and begin
                  | reading...
  8943 | D:9      | You add the spells Foxfire, Conjure Flame, Inner Flame and
                  | Flame Wave to your library.
  8995 | D:9      | Found a staircase to the Orcish Mines.
  9000 | D:9      | Noticed Erolcha
  9005 | D:9      | Killed Erolcha
  9006 | D:9      | Reached skill level 10 in Armour
  9006 | D:9      | Reached skill level 9 in Dodging
  9039 | D:9      | HP: 16/94 [orc priest/divine providence (15)]
  9040 | D:9      | HP: 3/94 [orc priest/divine providence (14)]
  9047 | D:9      | HP: 15/94 [yak (3)]
  9051 | D:9      | Reached ***** piety under Trog
  9686 | D:9      | Reached XP level 11. HP: 100/101 MP: 10/10
  9713 | Orc:1    | Entered Level 1 of the Orcish Mines
  9764 | Orc:1    | Noticed an orc knight
  9855 | Orc:1    | Reached skill level 11 in Fighting
  9860 | Orc:1    | Killed an orc knight
  9861 | Orc:1    | Reached skill level 11 in Axes
 10177 | Orc:1    | Received a gift from Trog
 10436 | Orc:1    | I - a +2 vorpal executioner's axe {axerare=g}
 10557 | Orc:2    | Entered Level 2 of the Orcish Mines
 10794 | Orc:2    | Noticed an orc high priest
 10806 | Orc:1    | Reached skill level 12 in Axes
 11193 | Orc:2    | Noticed a sixfirhy
 11276 | Orc:2    | Gained mutation: You are weak. (Str -2) [a neqoxec]
 11441 | D:9      | Found a runed translucent door.
 11446 | D:9      | Noticed CryoSword's ghost (novice DsFE)
 11662 | D:9      | You are sucked into a shaft and drop 2 floors!
 11662 | D:11     | Noticed a boulder beetle
 11673 | D:11     | Killed a boulder beetle
 11743 | D:11     | Reached skill level 13 in Axes
 11791 | D:11     | HP: 25/102 [vampire (2)]
 12115 | D:11     | Noticed a two-headed ogre
 12137 | D:11     | Killed a two-headed ogre
 12142 | D:11     | Reached skill level 14 in Axes
 12251 | D:11     | magus.rc [v1.9.6]
 12451 | D:11     | You add the spells Sting, Poisonous Vapours and Olgreb's
                  | Toxic Radiance to your library.
 13609 | D:12     | Noticed a boulder beetle
 13618 | D:11     | Killed a boulder beetle
 13619 | D:11     | Reached skill level 15 in Axes
 14096 | D:12     | You pick up a book of Flames {forbidden} and begin
                  | reading...
 14164 | D:12     | Reached XP level 12. HP: 100/110 MP: 11/11
 14168 | D:12     | Received a gift from Trog
 14477 | D:12     | HP: 25/165 [very large slime creature (47)]
 14482 | D:12     | Reached skill level 16 in Axes
 14482 | D:12     | HP: 16/165 [slime creature (5)]
 14903 | D:12     | Noticed a five-headed hydra
 14917 | D:12     | Killed a 12-headed hydra
 15937 | D:10     | Entered Level 10 of the Dungeon
 15939 | D:10     | Noticed a death yak
 15941 | D:10     | Noticed a death yak
 15967 | D:9      | Killed a death yak
 16100 | D:10     | Noticed a death yak
 16110 | D:9      | Killed a death yak
 16270 | D:9      | Killed CryoSword's ghost
 16271 | D:9      | Reached skill level 17 in Axes
 16278 | D:9      | Identified the +4 morningstar "Spiderbane" {speed, Fragile
                  | Will- Dex+8 Stlth+}
 16498 | D:9      | Found a glowing golden altar of the Shining One.
 16499 | D:9      | Found a blossoming altar of Fedhas.
 16502 | D:9      | Found an ornate altar of the Wu Jian Council.
 16504 | D:9      | Found a shimmering altar of Xom.
 16677 | Orc:2    | Killed an orc high priest
 16939 | Orc:2    | Found a staircase to the Elven Halls.
 17752 | Orc:2    | Reached skill level 18 in Axes
 18165 | Orc:2    | Noticed an orc high priest
 18165 | Orc:2    | Noticed an orc high priest
 18180 | Orc:2    | Killed an orc high priest
 18219 | Orc:2    | Killed an orc high priest
 18382 | Orc:2    | Noticed an orc high priest
 18392 | Orc:2    | Killed an orc high priest
 18396 | Orc:2    | Reached skill level 19 in Axes
 18418 | Orc:1    | Noticed Sonja
 18422 | Orc:2    | HP: 19/106 [orc knight/+0 long sword (28)]
 18424 | Orc:2    | your +2 vorpal executioner's axe {axerare=g} glows red for
                  | a moment.
 18424 | Orc:2    | Mangled by an orc knight

Vanquished Creatures
  A hydra (D:12)
  2 boulder beetles (D:11)
  Erolcha (D:9)
  2 death yaks (D:9)
  A two-headed ogre (D:11)
  The ghost of CryoSword the Arsonist, a novice DsFE of Ru (D:9)
  4 orc high priests (Orc:2)
  2 orc knights
  A cyclops (Orc:2)
  3 orc sorcerers
  An ugly thing (D:8)
  2 guardian serpents (D:11)
  A gargoyle (D:12)
  Maggie (D:9)
  A kobold demonologist (D:9)
  6 trolls
  4 slime creatures (D:12)
  A meliai zombie (D:11)
  A vampire (D:11)
  2 shadows
  Sigmund (D:4)
  17 yaks
  A steam dragon (D:8)
  Eustachio (D:6)
  A basilisk (D:11)
  2 wargs (Orc:1)
  3 acid dragons
  3 water moccasins
  23 orc warriors
  3 sky beasts
  3 black bears
  An ice beast (D:8)
  4 necrophages
  9 ogres
  3 centaurs
  A phantom (D:5)
  3 kobold brigands
  Blork the orc (D:6)
  4 scorpions
  3 bullfrogs
  2 gnoll sergeants (D:8)
  A wyvern zombie (D:7)
  A wyvern skeleton (D:6)
  A water moccasin skeleton (D:5)
  3 killer bees (D:5)
  7 wights
  A howler monkey (D:9)
  3 centaur zombies
  A centaur skeleton (D:6)
  3 hounds
  16 orc priests
  A bullfrog skeleton (D:6)
  Jessica (D:2)
  A gnoll shaman (D:6)
  A hell rat (D:9)
  13 orc wizards
  A killer bee zombie (D:4)
  A mummy (D:11)
  Robin (D:2)
  A howler monkey zombie (D:8)
  3 gnolls (D:6)
  8 adders
  A shadow imp (D:6)
  2 white imps
  2 worms (D:3)
  An adder skeleton (D:5)
  A dart slug (D:2)
  42 orcs
  7 ball pythons
  6 endoplasms
  7 giant cockroaches
  15 goblins
  8 hobgoblins
  5 quokkas
  3 bats (D:1)
  2 frilled lizards
  12 kobolds
  A rat (D:2)
311 creatures vanquished.

Vanquished Creatures (others)
  An orc wizard (Orc:2)
  An orc (Orc:2)
  A plant (D:9)
  A withered plant (D:11)
4 creatures vanquished.

Grand Total: 315 creatures vanquished

Table legend:
 A = Non-vault XP
 B = Vault XP
 C = Vault XP percentage of total XP
 D = Non-vault monster count
 E = Vault monster count
 F = Vault count percentage of total count
                 A         B        C        D         E       F
            +---------+---------+-------+---------+---------+-------
      Total |   25265 |   11489 |  31.3 |     245 |      66 |  21.2
            +---------+---------+-------+---------+---------+-------
        D:1 |      16 |       2 |  11.1 |       9 |       1 |  10.0
        D:2 |      62 |      71 |  53.4 |      15 |      12 |  44.4
        D:3 |      49 |       0 |   0.0 |      17 |       0 |   0.0
        D:4 |     517 |     208 |  28.7 |      20 |       1 |   4.8
        D:5 |     881 |       0 |   0.0 |      13 |       0 |   0.0
        D:6 |    1458 |     279 |  16.1 |      19 |       2 |   9.5
        D:7 |     762 |       0 |   0.0 |      11 |       0 |   0.0
        D:8 |    3058 |     503 |  14.1 |      30 |       5 |  14.3
        D:9 |    2104 |    3733 |  64.0 |      24 |      12 |  33.3
       D:11 |    5236 |    1486 |  22.1 |      18 |       7 |  28.0
       D:12 |    4288 |       0 |   0.0 |      15 |       0 |   0.0
      Orc:1 |    4241 |       0 |   0.0 |      36 |       0 |   0.0
      Orc:2 |    2593 |    5207 |  66.8 |      18 |      26 |  59.1
            +---------+---------+-------+---------+---------+-------

Illustrated notes

Table legend:
 A = Kills in this place as a percentage of kills in entire the game.
 B = Kills by you in this place as a percentage of kills by you in the entire game.
 C = Kills by friends in this place as a percentage of kills by friends in the entire game.
 D = Other kills in this place as a percentage of other kills in the entire game.
 E = Experience gained in this place as a percentage of experience gained in the entire game.
 F = Experience gained in this place divided by the number of levels of this place that you have seen.
                   A       B       C       D       E      F
               +-------+-------+-------+-------+-------+----------------------
         Total | 100.0 | 100.0 |   N/A |   N/A | 100.0 | 2625.3
       Dungeon |  74.3 |  74.3 |   N/A |   N/A |  67.2 | 2059.4
  Orcish Mines |  25.7 |  25.7 |   N/A |   N/A |  32.8 | 6020.5
               +-------+-------+-------+-------+-------+----------------------

Table legend: (Time is in decaauts)
 A = Elapsed time spent in this place.
 B = Non-inter-level travel time spent in this place.
 C = Inter-level travel time spent in this place.
 D = Time resting spent in this place.
 E = Time spent auto-exploring this place.
 F = Levels seen in this place.
 G = Mean time per level.
                   A        B        C        D        E       F      G
               +--------+--------+--------+--------+--------+-----+--------+
         Total |  18846 |  18217 |    629 |   5978 |   8367 |  14 | 1346.1 |
       Dungeon |  15307 |  14693 |    614 |   3776 |   8135 |  12 | 1275.6 |
  Orcish Mines |   3539 |   3525 |     14 |   2201 |    232 |   2 | 1769.5 |
               +--------+--------+--------+--------+--------+-----+--------+

Top non-repeatable levels by time:
   Orc:1: 2493 daAuts
    D:11: 2440 daAuts
    D:12: 1918 daAuts
     D:8: 1776 daAuts
     D:4: 1369 daAuts
     D:9: 1359 daAuts
     D:5: 1263 daAuts
     D:3: 1206 daAuts
     D:2: 1116 daAuts
     D:6: 1080 daAuts
   Orc:2: 1046 daAuts
     D:1: 938 daAuts
     D:7: 827 daAuts
    D:10: 9 daAuts
